 Dungeon Crawl Stone Soup version 0.28.0 (webtiles) character file.

Game seed: 15374887658268066065

455 vvl the Stinger (level 6, -3/51 HPs)
             Began as a Draconian Venom Mage on Feb 4, 2022.
             Was an Initiate of Kikubaaqudgha.
             Slain by a sky beast (5 damage)
             ... on level 4 of the Dungeon.
             The game lasted 00:07:01 (4223 turns).

vvl the Stinger (Draconian Venom Mage)              Turns: 4223, Time: 00:07:01

Health: -3/51      AC:  8    Str: 10    XL:     6   Next: 76%
Magic:  11/11      EV: 12    Int: 18    God:    Kikubaaqudgha [......]
Gold:   141        SH:  5    Dex: 11    Spells: 6/11 levels left

rFire   + . .      SeeInvis .   h - +4 quarterstaff (chaos)
rCold   . . .      Faith    .   (shield currently unavailable)
rNeg    . . .      Spirit   .   (armour unavailable)
rPois   .          Reflect  +   (helmet restricted)
rElec   .          Harm     .   i - +1 cloak
rCorr   .          Rampage  .   (no gloves)
Will    .....                   (no boots)
Stlth   ++........              l - amulet of reflection
HPRegen 0.17/turn               n - ring of protection from fire
MPRegen 0.12/turn               (no ring)

@: no status effects
A: AC +6, unfitting armour, cold-blooded
a: Renounce Religion


You were on level 4 of the Dungeon.
You worshipped Kikubaaqudgha.
Kikubaaqudgha was noncommittal.
You visited 1 branch of the dungeon, and saw 4 of its levels.

You collected 141 gold pieces.

Inventory:

Hand Weapons
 h - a +4 quarterstaff of chaos (weapon)
Armour
 i - a +1 cloak (worn)
Jewellery
 a - a ring of ice
 d - a ring of fire
 l - an amulet of reflection (around neck)
 n - a ring of protection from fire (left hand)
Wands
 p - a wand of mindburst (12)
 q - a wand of flame (18)
 r - a wand of acid (5)
Scrolls
 c - 3 scrolls of identify {unknown}
 f - 2 scrolls of noise {unknown}
 g - a scroll of amnesia {unknown}
 j - a scroll of teleportation {unknown}
 k - a scroll of fear {unknown}
 s - a scroll of blinking {unknown}
Potions
 b - a potion of ambrosia {unknown}
 e - a potion of brilliance {unknown}
 m - a potion of curing {unknown}
 o - a potion of invisibility {unknown}
 t - a potion of lignification {unknown}


   Skills:
 + Level 3.1 Fighting
 + Level 3.2 Dodging
 - Level 2.0 Stealth
 + Level 3.4 Spellcasting
 * Level 0.3 Necromancy
 + Level 3.0 Transmutations
 + Level 4.3 Poison Magic


You had 6 spell levels left.
You knew the following spells:

 Your Spells              Type           Power      Damage    Failure   Level
a - Sting                 Tmut/Pois      64%        1d6       3%          1
b - Olgreb's Toxic Radia  Pois           18%        N/A       26%         4

Your spell library contained the following spells:

 Spells                   Type           Power      Damage    Failure   Level
 Beastly Appendage        Tmut           28%        N/A       4%          1
 Wereblood                Tmut           14%        N/A       7%          2
 Poisonous Vapours        Pois/Air       20%        N/A       10%         2
 Spider Form              Tmut/Pois      16%        N/A       11%         3
 Blink                    Tloc           6%         N/A       24%         2
 Mephitic Cloud           Conj/Pois/Air  8%         N/A       26%         3
 Lesser Beckoning         Tloc           3%         N/A       43%         3
 Manifold Assault         Tloc           3%         N/A       99%         5


Dungeon Overview and Level Annotations

Branches:
Dungeon (4/15)
 Temple: D:4-7

Altars:
Elyvilon
Gozag
Kikubaaqudgha
Nemelex Xobeh
Wu Jian
Zin

Shops:
D:2 (


Innate Abilities, Weirdness & Mutations

Your plain brown scales are hard. (AC +6)
You cannot fit into any form of body armour.
You are cold-blooded and may be slowed by cold attacks.


Message History

The sky beast is moderately wounded.
The sky beast hits you. The sky beast shocks you. The sky beast hits you.
* * * LOW HITPOINT WARNING * * *
The sky beast shocks you.
* * * LOW HITPOINT WARNING * * *
Unknown command.
Aiming: Corrosive Bolt
Press: ? - help, Shift-Dir - straight line, f - sky beast
Aim: a sky beast (moderately wounded, berserk, 60% to hit)
The bolt of acid misses the sky beast.
The bolt of acid hits the kobold!
The acid corrodes the kobold!
You kill the kobold!
Kikubaaqudgha accepts your kill.
The sky beast hits you but does no damage.
Aiming: Corrosive Bolt
Press: ? - help, Shift-Dir - straight line, f/p - sky beast
Aim: a sky beast (moderately wounded, berserk, 60% to hit)
The bolt of acid hits the sky beast.
The sky beast is heavily wounded.
The bolt of acid hits the ball python!
The acid corrodes the ball python!
You kill the ball python!
Kikubaaqudgha accepts your kill.
The sky beast hits you but does no damage.
The sky beast barely misses you.
Aiming: Corrosive Bolt
Press: ? - help, Shift-Dir - straight line, f/p - sky beast
Aim: a sky beast (heavily wounded, berserk, 60% to hit)
The bolt of acid hits the sky beast!
The sky beast is severely wounded.
The sky beast barely misses you.
Aiming: Corrosive Bolt
Press: ? - help, Shift-Dir - straight line, f/p - sky beast
Aim: a sky beast (severely wounded, berserk, 60% to hit)
The bolt of acid hits the sky beast!
The sky beast is almost dead.
The sky beast hits you.
* * * LOW HITPOINT WARNING * * *
The sky beast shocks you.
You die...
Kikubaaqudgha rasps: "You have failed me!
Welcome... death!"

##...## ..S#
#.... ##.## .##
#.... #.# # #....
#.# # #.... #.#
.# #...) ##.##
#.## ###...#
##...## #...##
#....<.
#.....##+##.....#
#......
#........@Y)....#
#......
#.†...#####.....#
#(..... ##...##
#...## #......
##### ####
#...... ####### #
# ###### ......


You could see a sky beast (berserk).

Vanquished Creatures
  A sky beast (D:3)
  A phantom (D:4)
  Crazy Yiuf (D:2)
  An orc priest (D:3)
  A hound (D:4)
  An orc wizard (D:3)
  A hound zombie (D:3)
  Robin (D:3)
  6 adders
  A shadow imp (D:4)
  An adder skeleton (D:4)
  2 worms (D:2)
  3 dart slugs
  4 orcs (D:3)
  10 ball pythons
  4 bats
  3 endoplasms
  3 giant cockroaches
  17 goblins
  5 hobgoblins
  2 kobolds (D:4)
  6 quokkas
  2 frilled lizards
  2 rats (D:2)
79 creatures vanquished.

Vanquished Creatures (collateral kills)
  A ball python (D:3)
1 creature vanquished.

Vanquished Creatures (others)
  A quokka (D:3)
  A fungus (D:3)
  3 plants (D:3)
5 creatures vanquished.

Grand Total: 85 creatures vanquished

Notes
Turn   | Place    | Note
-------+----------+-------------------------------------------
     0 | D:1      | vvl the Draconian Venom Mage began the quest for the Orb.
     0 | D:1      | Reached XP level 1. HP: 14/14 MP: 3/3
   208 | D:1      | Reached XP level 2. HP: 14/22 MP: 1/5
   949 | D:2      | Reached skill level 1 in Fighting
   949 | D:2      | Reached XP level 3. HP: 26/28 MP: 2/6
  1155 | D:2      | Found Hiukho's Antique Weapon Boutique.
  1663 | D:2      | Found a runed translucent door.
  1664 | D:2      | Noticed Crazy Yiuf
  1898 | D:2      | Killed Crazy Yiuf
  1899 | D:2      | Reached XP level 4. HP: 7/35 MP: 5/7
  2345 | D:3      | Found a white marble altar of Elyvilon.
  2354 | D:3      | Reached XP level 5. HP: 2/41 MP: 9/9
  3002 | D:3      | Noticed a sky beast
  3012 | D:3      | Killed a sky beast
  3013 | D:3      | Reached skill level 4 in Poison Magic
  3013 | D:3      | Reached XP level 6. HP: 16/50 MP: 10/10
  3238 | D:3      | Found an opulent altar of Gozag.
  3267 | D:3      | Found an ornate altar of the Wu Jian Council.
  3269 | D:3      | Noticed Robin
  3281 | D:3      | Killed Robin
  3445 | D:3      | Found a faded altar of an unknown god.
  3582 | D:3      | Found a sparkling altar of Nemelex Xobeh.
  3703 | D:3      | Found a glowing silver altar of Zin.
  3933 | D:4      | Found an ancient bone altar of Kikubaaqudgha.
  4095 | D:4      | Learned a level 4 spell: Olgreb's Toxic Radiance
  4098 | D:4      | Became a worshipper of Kikubaaqudgha
  4206 | D:4      | Noticed a sky beast
  4223 | D:4      | HP: 2/51 [sky beast (5)]
  4223 | D:4      | Slain by a sky beast

Illustrated notes

Levels and vault maps discovered:
D:1:      dpeg_arrival_line_fractal, layout_basic, hex_tiny, corner_web_ring,
          moated_statue, amcnicky_mini_corridor_feature
D:2:      layout_basic, serial_shops, shop, uniq_crazy_yiuf_cottage
D:3:      layout_rooms, mainiacjoe_overflow_swirl, elyvilon_altar_4,
          nicolae_gozag_seed_capital, overflow_temple_1_default,
          shapermc_ecumenical_altar_mp_ritualfount, uniq_robin
D:4:      minmay_octagon_keep, layout_basic, kiku_gazebo_garden_becter

Skill      XL: |  1  2  3  4  5  6 |
---------------+-------------------+-----
Stealth        | 2 |  2.0
Dodging        | 2 3 |  3.2
Fighting       | 1 2 3 |  3.1
Transmutations | 2 3 |  3.0
Spellcasting   | 3 |  3.4
Poison Magic   | 4 |  4.3
Necromancy     | |  0.3

Action                   |  1- 3 |  4- 6 || total
-------------------------+-------+-------++-------
Melee: Unarmed           |    37 |       ||    37
       Tailslap          |     4 |    10 ||    14
       Quarterstaff      |       |   130 ||   130
 Cast: Sting             |    58 |       ||    58
Evoke: Wand              |       |     4 ||     4
 Stab: Paralysed         |       |     1 ||     1
Armor: Skin              |    26 |    72 ||    98
Dodge: Dodged            |    40 |   104 ||   144
Block: Other             |       |    10 ||    10
